 Dungeon Crawl Stone Soup version 0.31-a0-924-ge39a22a033 (webtiles) character file.

Game seed: 5323650266083320281

269 Gladio the Chopper (level 6, -1/55 HPs)
             Began as a Hill Orc Fighter on Oct 18, 2023.
             Was a Plaything of Xom.
             Slain by an orc
             ... wielding a +0 club
              (5 damage)
             ... on level 4 of the Dungeon.
             The game lasted 00:04:02 (2488 turns).

Gladio the Chopper (Hill Orc Fighter)               Turns: 2488, Time: 00:04:06

Health: -1/55      AC:  8    Str: 25    XL:     6   Next: 22%
Magic:  6/6        EV:  9    Int:  7    God:    Xom [....*.]
Gold:   239        SH:  0    Dex:  9    Spells: 5/5 levels left

rFire   . . .        a - +0 war axe
rCold   . . .        c - +0 buckler
rNeg    . . .        b - +0 scale mail
rPois   .            (no helmet)
rElec   .            (no cloak)
rCorr   .            q - +0 pair of gloves
SInv    .            (no boots)
Will    .....        (no amulet) Stlth
                     (no ring)
HPRegen 0.29/turn    (no ring)
MPRegen 0.10/turn

%: no passive effects
@: confused
A: mutation resistance 1, strong 1
a: Renounce Religion


You were on level 4 of the Dungeon.
You worshipped Xom.
You were a beloved toy of Xom.
You visited 1 branch of the dungeon, and saw 4 of its levels.
You also visited: Sewer.

You collected 239 gold pieces.

Inventory:

Hand Weapons
 a - a +0 war axe (weapon)
Armour
 b - a +0 scale mail (worn)
 c - a +0 buckler (worn)
 q - a +0 pair of gloves (worn)
Jewellery
 h - a ring of wizardry
 n - a ring of protection from cold
Scrolls
 e - 3 scrolls of noise {unknown}
 f - 3 scrolls of blinking {unknown}
 g - a scroll of butterflies {unknown}
 i - 2 scrolls of enchant weapon {unknown}
 j - 5 scrolls of identify {unknown}
 l - a scroll of vulnerability {unknown}
 m - 3 scrolls of immolation {unknown}
Potions
 d - a potion of might
 k - 2 potions of invisibility {unknown}
 o - 2 potions of curing {unknown}
 p - a potion of haste
 r - a potion of brilliance {unknown}


   Skills:
 + Level 4.9 Fighting
 * Level 5.5 Axes
 + Level 4.4 Armour
 + Level 4.4 Shields


You had 5 spell levels left.
You didn't know any spells.
Your spell library contained the following spells:

 Spells                   Type           Power      Damage    Failure   Level
 Frozen Ramparts          Ice            0%         1d1       98%         3
 Petrify                  Tmut/Erth      0%         N/A       100%        4
 Metabolic Englaciation   Hex/Ice        0%         N/A       100%        5


Dungeon Overview and Level Annotations

Branches:
Dungeon (4/15)              Sewer (visited)
 Temple: D:4-7

Altars:
Elyvilon
Kikubaaqudgha
Xom


Innate Abilities, Weirdness & Mutations

You are somewhat resistant to further mutation.
Your muscles are strong. (Str +4, Int/Dex -1)


Message History

The orc completely misses you. The orc wizard casts a spell at you.
You are confused.
The orc wizard attacks as it pursues you!
The orc wizard hits you with a +0 dagger.
You're too confused to move!
The orc wizard casts a spell at you.
You are more confused.
You're too confused to move!
The orc wizard barely misses you.
You barely miss the orc wizard.
The orc wizard is almost dead.
The orc wizard gestures at you while chanting.
The puff of flame hits you! The orc barely misses you.
The orc wizard hits you with a +0 dagger.
You slash the orc wizard!
You kill the orc wizard!
The orc closely misses you. The orc attacks as it pursues you!
The orc hits you but does no damage.
You bump into the rock wall.
The orc barely misses you.
You closely miss the orc. The orc hits you with a +0 club.
* * * LOW HITPOINT WARNING * * *
You bump into the rock wall.
The orc hits you but does no damage. The orc hits you but does no damage.
The orc misses you.
You closely miss the orc. You miss the orc. You miss something.
The orc closely misses you. Something hits you but does no damage.
The orc barely misses you.
You feel less confused.
You hear some strange, mumbled words.
You are confused.
The orc hits you from afar with a +0 trident.
* * * LOW HITPOINT WARNING * * *
The orc attacks as it pursues you! The orc hits you but does no damage.
You barely miss the orc. You miss something.
You hear some strange, mumbled words.
A puff of flame appears from out of thin air!
The puff of flame hits you!
* * * LOW HITPOINT WARNING * * *
The orc barely misses you. The orc hits you with a +0 club.
You die... "I guess I need a new plaything now."

..!..# .....##
.....?. ####
.....# ... .....#
#.#.....# #o)##+#
#+# ##o{#.## #.#.#
##@...## #.#.#
###...#### #.#.#
#^......###.#.#
#...<.........#
.......#######..##
#......# #..##.#
#......# #...#.#
#...#+## #.#.#.#
.... #.#...#


You could see 2 orcs.

Vanquished Creatures
  A water moccasin (Sewer)
  An orc wizard (D:4)
  3 adders
  2 river rats (D:3)
  2 worms
  A dart slug (D:1)
  7 orcs
  8 ball pythons
  7 bats
  8 endoplasms
  4 giant cockroaches
  A goblin (D:2)
  5 hobgoblins
  3 jackals (D:2)
  2 quokkas
  2 frilled lizards (D:3)
  5 kobolds
  12 rats
74 creatures vanquished.

Notes
Turn   | Place    | Note
-------+----------+-------------------------------------------
     0 | D:1      | Gladio the Hill Orc Fighter began the quest for the Orb.
     0 | D:1      | Reached XP level 1. HP: 19/19 MP: 1/1
   110 | D:1      | Reached skill level 3 in Axes
   113 | D:1      | Reached XP level 2. HP: 27/27 MP: 2/2
   585 | D:2      | Reached XP level 3. HP: 28/33 MP: 3/3
  1009 | D:2      | Gained mutation: You are somewhat resistant to further
                  | mutation. [potion of mutation]
  1009 | D:2      | Gained mutation: Your muscles are strong. (Str +4, Int/Dex
                  | -1) [potion of mutation]
  1305 | D:3      | Reached skill level 4 in Axes
  1322 | D:3      | Reached XP level 4. HP: 36/40 MP: 4/4
  1431 | D:3      | Found an ancient bone altar of Kikubaaqudgha.
  1654 | D:3      | Found a faded altar of an unknown god.
  1672 | D:3      | Prayed at the altar of an unknown god.
  1672 | D:3      | Became a worshipper of Xom of Chaos
  1840 | D:3      | Found a glowing drain.
  1857 | Sewer    | Entered a sewer
  1868 | Sewer    | Reached XP level 5. HP: 27/47 MP: 5/5
  1961 | Sewer    | Noticed a water moccasin
  1969 | Sewer    | Killed a water moccasin
  1970 | Sewer    | Reached skill level 5 in Axes
  1970 | Sewer    | Reached XP level 6. HP: 49/55 MP: 6/6
  1986 | Sewer    | XOM: divination: magic mapping
  2129 | D:3      | Found a white marble altar of Elyvilon.
  2309 | D:3      | XOM: scenery: summon butterflies
  2488 | D:4      | Slain by an orc

Illustrated notes

Levels and vault maps discovered:
D:1:      matt_arrival_grand_opening, layout_rooms
D:2:      layout_loops_ring, amcnicky_mini_rare_corridor_liquid,
          grunt_ministairs_8
D:3:      layout_basic, mainiacjoe_overflow_24_doors,
          mainiacjoe_overflow_concentric_impassable, portal_sewer_entry_e,
          shapermc_ecumenical_altar_ellora
D:4:      layout_basic, mainiacjoe_overflow_catwalk, slow_altar_1, minivault_5,
          chequers_garden

Skill      XL: |  1  2  3  4  5 |
---------------+----------------+-----
Axes           | 3 4 5 |  5.5
Fighting       | 4 |  4.9
Armour         | 4 |  4.4
Shields        | 4 |  4.4

Action                     |  1- 3 |  4- 6 || total
---------------------------+-------+-------++-------
  Melee: War axe           |   115 |   137 ||   252
    Use: Potion            |     3 |     1 ||     4
 Armour: Scale mail        |    89 |   119 ||   208
  Dodge: Dodged            |    41 |    88 ||   129
  Block: Buckler           |    36 |    37 ||    73

Table legend: (Time is in decaauts)
 A = Elapsed time spent in this place.
 B = Non-inter-level travel time spent in this place.
 C = Inter-level travel time spent in this place.
 D = Time resting spent in this place.
 E = Time spent auto-exploring this place.
 F = Levels seen in this place.
 G = Mean time per level.
                   A        B        C        D        E       F      G
               +--------+--------+--------+--------+--------+-----+--------+
         Total |   2571 |   2484 |     87 |      0 |   1921 |   5 |  514.2 |
       Dungeon |   2386 |   2299 |     87 |      0 |   1802 |   4 |  596.5 |
         Sewer |    185 |    185 |      0 |      0 |    119 |   1 |  185.0 |
               +--------+--------+--------+--------+--------+-----+--------+

Top non-repeatable levels by time:
     D:3: 893 daAuts
     D:2: 751 daAuts
     D:1: 580 daAuts
   Sewer: 185 daAuts
     D:4: 161 daAuts
